 Dungeon Crawl Stone Soup version 0.31-a0-233-g139696dc86 (webtiles) character file.

Game seed: 12880629133022537834

99 qw the Shooter (level 4, 0/36 HPs)
             Began as a Minotaur Hexslinger on July 7, 2023.
             Slain by a scorpion (3 damage)
             ... on level 3 of the Dungeon.
             The game lasted 00:00:37 (1796 turns).

qw the Shooter (Minotaur Hexslinger)                Turns: 1796, Time: 00:00:37

Health: 0/36       AC:  5    Str: 12    XL:     4   Next: 45%
Magic:  4/4        EV: 11    Int: 10    God:
Gold:   88         SH:  0    Dex: 15    Spells: 4/5 levels left

rFire   . . .        Y - +1 sling
rCold   . . .        (no shield)
rNeg    . . .        a - +0 ring mail
rPois   .            (helmet restricted)
rElec   .            (no cloak)
rCorr   .            (no gloves)
SInv    .            (no boots)
Will    .....        (no amulet)
Stlth   +            (no ring)
HPRegen 0.26/turn    (no ring)
MPRegen 0.09/turn

%: no passive effects
@: lethally poisoned (0 -> -5)
A: horns 2, retaliatory headbutt
a: no special abilities


You were on level 3 of the Dungeon.
You visited 1 branch of the dungeon, and saw 3 of its levels.

You collected 88 gold pieces.


Innate Abilities, Weirdness & Mutations

You have a pair of horns on your head.
You reflexively headbutt those who attack you in melee.


   Skills:
 - Level 2.0 Fighting
 + Level 4.5 Ranged Weapons
 - Level 2.0 Armour
 - Level 2.1 Dodging
 - Level 1.0 Spellcasting
 - Level 2.0 Hexes


You had 4 spell levels left.
You knew the following spells:

 Your Spells              Type           Power      Damage    Failure   Level
a - Slow                  Hex            16%        N/A       32%         1

Your spell library contained the following spells:

 Spells                   Type           Power      Damage    Failure   Level
 Inner Flame              Hex/Fire       2%         N/A       83%         3
 Portal Projectile        Hex/Tloc       4%         N/A       83%         3
 Cause Fear               Hex            2%         N/A       97%         4

Inventory:

Hand Weapons
 Y - a +1 sling (weapon)
Armour
 a - a +0 ring mail (worn)
Wands
 c - a wand of digging (7)
Scrolls
 b - a scroll of identify
Potions
 d - a potion of haste {unknown}
 g - a potion of curing

Dungeon Overview and Level Annotations

Branches:
Dungeon (3/15)

Altars:
Gozag
Zin


Message History

The scorpion is severely wounded.
The scorpion closely misses you. The endoplasm freezes you.
You are frozen.
The scorpion stings you!
You shoot a sling bullet.
The sling bullet barely misses the scorpion.
The endoplasm barely misses you.
The scorpion stings you but does no damage.
You shoot a sling bullet.
The sling bullet hits the scorpion but does no damage.
The scorpion is heavily wounded.
The scorpion stings you but does no damage.
The endoplasm freezes you.
You are frozen.
The endoplasm hits you but does no damage.
The scorpion stings you but does no damage.
You shoot a sling bullet.
The sling bullet barely misses the scorpion.
The scorpion stings you.
You are poisoned.
The scorpion poisons you! The endoplasm freezes you.
You are frozen.
You shoot a sling bullet. The sling bullet hits the scorpion.
The scorpion is severely wounded.
You feel very sick.
The scorpion stings you but does no damage.
The endoplasm closely misses you.
The scorpion stings you but does no damage.
You shoot a sling bullet.
The sling bullet closely misses the scorpion.
You feel very sick. The endoplasm freezes you.
You are frozen.
The scorpion completely misses you. The endoplasm freezes you.
You are frozen.
The scorpion barely misses you.
You shoot a sling bullet.
The sling bullet closely misses the scorpion.
You feel sick. The scorpion stings you.
You die...

##...##.#..............#
##....##.#.####...#####......
#.....##.#.# #...# #......
7'777'7#.#.# ##### #......
7.....7..#.# #.....7
7.~~~.7..#.# ####### #....77
##7.....7#...# ....... #....7
##.'.._..'.#####....... ...7.
#..7.....7.....@s...$..
##.#7.~~~.7######J......
....7.....7 .......
.##.7'777'7# ....### .##...#
#..# ....# .###### ##.# ....#
.# #.# ....# .# #.# ....# .#
#.#


You could see a scorpion and an endoplasm.

Vanquished Creatures
  Jessica (D:3)
  2 river rats (D:3)
  A worm (D:2)
  2 dart slugs
  6 endoplasms
  2 giant cockroaches
  7 hobgoblins
  5 kobolds
  4 quokkas
  2 ball pythons
  5 bats
  4 frilled lizards
  2 rats
43 creatures vanquished.

Notes
Turn   | Place    | Note
-------+----------+-------------------------------------------
     0 | D:1      | qw the Minotaur Hexslinger began the quest for the Orb.
     0 | D:1      | Reached XP level 1. HP: 16/16 MP: 1/1
     0 | D:1      | 0 ||| qw: Version: 0.3-a-46-gb1f654a
     0 | D:1      | 0 ||| qw: Game counter: 3287
     0 | D:1      | 0 ||| qw: Melee chars always use a shield: true
     0 | D:1      | 0 ||| qw: God list: Okawaru
     0 | D:1      | 0 ||| qw: Allow faded altars: false
     0 | D:1      | 0 ||| qw: Do Orc after clearing Dungeon:15 true
     0 | D:1      | 0 ||| qw: Do second Lair branch before Depths: true
     0 | D:1      | 0 ||| qw: Lair rune preference: random
     0 | D:1      | 0 ||| qw: Goals: Normal
     0 | D:1      | 0 ||| PLANNING D:1-11
   174 | D:1      | Reached skill level 3 in Ranged Weapons
   197 | D:1      | Reached XP level 2. HP: 23/23 MP: 2/2
   379 | D:1      | Found a faded altar of an unknown god.
   780 | D:1      | 780 ||| UPGRADING to +0 leather armour.
   790 | D:1      | 790 ||| DROPPING +0 robe.
   791 | D:1      | 791 ||| READING scroll labelled TUMAJO MIUTUS.
   796 | D:1      | 796 ||| READING scroll labelled QOZXOM TUZXOY.
   797 | D:1      | 797 ||| READING scroll labelled POMMUMESEE.
   798 | D:1      | 798 ||| DRINKING 2 sapphire potions.
   799 | D:1      | 799 ||| DROPPING scroll of poison.
   820 | D:2      | Reached XP level 3. HP: 29/29 MP: 3/3
   897 | D:2      | Found a glowing silver altar of Zin.
  1331 | D:2      | Reached skill level 4 in Ranged Weapons
  1528 | D:2      | 1528 ||| UPGRADING to +0 ring mail.
  1538 | D:2      | 1538 ||| DROPPING +0 leather armour.
  1539 | D:2      | 1539 ||| READING scroll labelled ASHUR KOHOS.
  1559 | D:3      | 1559 ||| PLANNING SEWER
  1567 | D:3      | Noticed Jessica
  1573 | D:3      | Killed Jessica
  1574 | D:3      | Reached XP level 4. HP: 36/36 MP: 4/4
  1735 | D:3      | Found an opulent altar of Gozag.
  1785 | D:3      | Noticed a scorpion
  1795 | D:3      | HP: 5/36 [frozen (5)]
  1796 | D:3      | Slain by a scorpion

Levels and vault maps discovered:
D:1:      dpeg_arrival_simpleton_c, layout_basic,
          dreamdust_ecumenical_altar_grove, nrook_mini_vaults,
          chequers_mini_garden
D:2:      layout_basic, basic_altar
D:3:      layout_basic, mainiacjoe_overflow_six_doors_small, lemuel_tele_altar,
          nicolae_yredelemnul_corpse_copse, gup_sewer_entry_bowl, uniq_jessica

Skill      XL: |  1  2  3 |
---------------+----------+-----
Ranged Weapons | 3 4 |  4.5
Fighting       | 2 |  2.0
Armour         | 2 |  2.0
Dodging        | |  2.1
Spellcasting   | |  1.0
Hexes          | |  2.0

Action                     |  1- 3 |  4- 6 || total
---------------------------+-------+-------++-------
   Fire: Sling             |   120 |    29 ||   149
    Use: Scroll            |     4 |       ||     4
         Potion            |     1 |       ||     1
 Armour: Robe              |     3 |       ||     3
         Leather armour    |     5 |       ||     5
         Ring mail         |       |    11 ||    11
  Dodge: Dodged            |    25 |    16 ||    41

Table legend:
 A = Non-vault XP
 B = Vault XP
 C = Vault XP percentage of total XP
 D = Non-vault monster count
 E = Vault monster count
 F = Vault count percentage of total count
                 A         B        C        D         E       F
            +---------+---------+-------+---------+---------+-------
      Total |      74 |      68 |  47.9 |      38 |       5 |  11.6
            +---------+---------+-------+---------+---------+-------
        D:1 |      36 |       0 |   0.0 |      20 |       0 |   0.0
        D:2 |      35 |       0 |   0.0 |      16 |       0 |   0.0
        D:3 |       3 |      68 |  95.8 |       2 |       5 |  71.4
            +---------+---------+-------+---------+---------+-------
